 Dungeon Crawl Stone Soup version 0.28.0-53-g5a82cb258f (webtiles) character file.

Game seed: 16280546088645673229

1440 Revguard the Messenger (level 8, 0/69 HPs)
             Began as a Hill Orc Fighter on July 7, 2022.
             Was an Initiate of Beogh.
             Slain by Menkaure (10 damage)
             ... on level 5 of the Dungeon.
             The game lasted 00:08:31 (5232 turns).

Revguard the Messenger (Hill Orc Fighter)           Turns: 5232, Time: 00:08:31

Health: 0/69       AC: 12    Str: 23    XL:     8   Next: 74%
Magic:  13/13      EV: 11    Int:  8    God:    Beogh [......]
Gold:   213        SH:  5    Dex: 12    Spells: 7/7 levels left

rFire   . . .      SeeInvis +   v - +2 war axe
rCold   + + .      Faith    .   c - +0 buckler
rNeg    . . .      Spirit   .   r - +3 ring mail "Ivvianu" {Drain rC++ Str+4}
rPois   +          Reflect  .   m - +1 helmet
rElec   .          Harm     .   (no cloak)
rCorr   .          Rampage  .   (no gloves)
Will    .....                   e - +0 pair of boots
Stlth   +.........              (no amulet)
HPRegen 0.21/turn               n - ring of see invisible
MPRegen 0.13/turn               p - ring of poison resistance

@: attractive
A: no striking features
a: Renounce Religion


You were on level 5 of the Dungeon.
You worshipped Beogh.
Beogh was noncommittal.
You visited 2 branches of the dungeon, and saw 6 of its levels.

You collected 213 gold pieces.

Inventory:

Hand Weapons
 a - a +0 war axe
 v - a +2 war axe (weapon)
 w - a +1 mace
Armour
 c - a +0 buckler (worn)
 e - a +0 pair of boots (worn)
 m - a +1 helmet (worn)
 r - the +3 ring mail "Ivvianu" (worn) {Drain rC++ Str+4}
   (You found it on level 2 of the Dungeon)

   Str:       It affects your strength (+4).
   rC:        It greatly protects you from cold.
   Drain:     It drains your maximum health when unequipped.
Jewellery
 n - a ring of see invisible (left hand)
 p - a ring of poison resistance (right hand)
 y - a ring of magical power
Wands
 b - a wand of iceblast (9)
 B - a wand of paralysis (10)
Scrolls
 f - a scroll of summoning {unknown}
 g - a scroll of torment {unknown}
 h - 3 scrolls of noise {unknown}
 i - a scroll of enchant weapon {unknown}
 k - 4 scrolls of identify {unknown}
 l - 8 scrolls of teleportation {unknown}
 o - a scroll of fear {unknown}
 t - a scroll of enchant armour {unknown}
 u - a scroll of immolation {unknown}
 z - a scroll of blinking {unknown}
 A - a scroll of vulnerability {unknown}
 C - a scroll of amnesia {unknown}
Potions
 d - a potion of might
 s - a potion of lignification {unknown}
 x - a potion of experience {unknown}


   Skills:
 + Level 5.6 Fighting
 + Level 5.4 Axes
 + Level 5.1 Armour
 + Level 2.7 Dodging
 + Level 5.2 Shields
 * Level 7.0 Invocations
 + Level 3.3 Evocations


You had 7 spell levels left.
You didn't know any spells.
Your spell library contained the following spells:

 Spells                   Type           Power      Damage    Failure   Level
 Shock                    Conj/Air       0%         1d3       65%         1
 Corpse Rot               Necr/Air       0%         N/A       78%         2
 Poisonous Vapours        Pois/Air       0%         N/A       78%         2
 Static Discharge         Conj/Air       0%         N/A       78%         2
 Frozen Ramparts          Ice            0%         1d2       95%         3
 Swiftness                Air            0%         N/A       95%         3
 Airstrike                Air            0%         N/A       100%        4
 Dispel Undead            Necr           0%         3d6       100%        4
 Ice Form                 Ice/Tmut       0%         N/A       100%        4
 Sticky Flame             Conj/Fire      0%         2d3       100%        4
 Summon Ice Beast         Ice/Summ       0%         N/A       100%        4
 Summon Lightning Spire   Summ/Air       0%         N/A       100%        4
 Lightning Bolt           Conj/Air       0%         1d11      100%        5


Dungeon Overview and Level Annotations

Branches:
Dungeon (6/15)             Temple (1/1) D:6

Altars:
Ashenzari
Fedhas
Gozag
Hepliaklqana
Makhleb
Nemelex Xobeh
Okawaru
Qazlal
Ru
Wu Jian
Xom
Yredelemnul
The Shining One

Annotations:
D:5 Grinder, Menkaure


Message History

The adder misses you.
Grinder comes into view.
You closely miss the adder.
The adder is heavily wounded.
Grinder shouts!
The adder bites you but does no damage. x2
You barely miss the adder.
The adder is heavily wounded.
The adder bites you but does no damage.
Menkaure mumbles some strange words.
Menkaure seems to speed up.
The adder barely misses you.
You barely miss the adder.
The adder is heavily wounded.
You block the adder's attack.
Menkaure calls on the powers of darkness!
The adder convulses!
Your body is wracked with pain!
The adder bites you.
Menkaure murmurs, "Let me perform the rites..."
Grinder blinks!
Menkaure calls on the powers of darkness!
The adder convulses!
Your body is wracked with pain!
* * * LOW HITPOINT WARNING * * *
The adder completely misses you.
Okay, then.
You hit the adder.
The adder is almost dead.
The adder bites you but does no damage. The adder closely misses you.
You hit the adder.
You kill the adder!
Beogh accepts your kill.
Menkaure shouts, "Why can't you leave me to my rest?"
Menkaure closely misses you.
Your Invocations skill increases to level 7!
It was a potion of cancellation.
You feel magically purged.
Menkaure calls on the powers of darkness!
Your body is wracked with pain!
* * * LOW HITPOINT WARNING * * *
It was a potion of attraction.
You feel attractive to monsters. Menkaure hits you!
You die...

.≈≈..≈..# #.# #.##....#
...≈≈...## #.# ##.#.....##
≈⌠.......# #.###.).......#
⌠≈≈...§..# #..............
...≈..†..#######.........#
≈..≈..............#.....##
.≈≈...†.#5#######.##...##
........#M# #.###.##
........#@# #.# #.#
≈≈≈≈###.#.# #.# #.# ####
≈≈≈######.#######.###.#
###..######.#................#
.....).....#.##..#######.#####
#.#####..#.#.##.## #.# #.#
#..#.#.##.# ######.# ..#
#..#.#.##.# #......# ..#
#.##.#.##.# #.######


You could see Grinder and Menkaure (fast).

Vanquished Creatures
  Pikel (D:5)
  A steam dragon (D:6)
  A black bear (D:6)
  2 ogres (D:6)
  A phantom (D:6)
  Blork the orc (D:6)
  4 wights (D:6)
  A hound (D:6)
  A centaur skeleton (D:5)
  Ijyb (D:3)
  Terence (D:3)
  9 adders
  4 gnolls (D:6)
  A worm (D:2)
  4 dart slugs
  3 orcs (D:6)
  4 bats
  5 endoplasms
  A giant cockroach (D:2)
  3 goblins
  5 hobgoblins
  9 jackals
  9 kobolds
  3 quokkas
  2 ball pythons
  3 frilled lizards
  A rat (D:1)
81 creatures vanquished.

Vanquished Creatures (others)
  2 orcs (D:5)
2 creatures vanquished.

Grand Total: 83 creatures vanquished

Notes
Turn   | Place    | Note
-------+----------+-------------------------------------------
     0 | D:1      | Revguard the Hill Orc Fighter began the quest for the Orb.
     0 | D:1      | Reached XP level 1. HP: 19/19 MP: 1/1
   180 | D:1      | Reached XP level 2. HP: 25/27 MP: 2/2
   304 | D:1      | Reached skill level 1 in Invocations
   776 | D:1      | Reached XP level 3. HP: 25/33 MP: 4/4
  1244 | D:2      | Found a broken altar of Ashenzari.
  1327 | D:2      | Reached skill level 2 in Invocations
  1401 | D:2      | Reached XP level 4. HP: 40/40 MP: 5/5
  1481 | D:2      | Reached skill level 1 in Evocations
  2317 | D:2      | Identified the +3 ring mail "Ivvianu" {Drain rC++ Str+4}
  2460 | D:3      | Noticed Terence
  2461 | D:3      | Reached skill level 1 in Dodging
  2468 | D:3      | Killed Terence
  2469 | D:3      | Reached skill level 3 in Invocations
  2469 | D:3      | Reached XP level 5. HP: 43/46 MP: 7/7
  2486 | D:3      | Found a faded altar of an unknown god.
  2497 | D:3      | Noticed Ijyb
  2509 | D:3      | Killed Ijyb
  3077 | D:3      | You fall into a shaft and drop 3 floors!
  3143 | D:6      | Reached XP level 6. HP: 19/53 MP: 8/8
  3233 | D:6      | Reached skill level 4 in Invocations
  3498 | D:6      | Reached XP level 7. HP: 17/57 MP: 10/10
  3707 | D:6      | Found a staircase to the Ecumenical Temple.
  3716 | Temple   | Entered the Ecumenical Temple
  4068 | D:6      | Reached skill level 5 in Invocations
  4199 | D:6      | Noticed Blork the orc
  4211 | D:6      | Killed Blork the orc
  4370 | D:6      | Noticed a steam dragon
  4379 | D:6      | Reached skill level 5 in Fighting
  4383 | D:6      | Killed a steam dragon
  4384 | D:6      | Reached XP level 8. HP: 33/68 MP: 10/12
  4812 | D:5      | Entered Level 5 of the Dungeon
  4841 | D:5      | Became a worshipper of Beogh the Brigand
  5045 | D:5      | Noticed Pikel
  5063 | D:5      | Killed Pikel
  5064 | D:5      | Reached skill level 5 in Axes
  5064 | D:5      | Reached skill level 5 in Armour
  5064 | D:5      | Reached skill level 5 in Shields
  5064 | D:5      | Reached skill level 6 in Invocations
  5217 | D:5      | Noticed Menkaure
  5221 | D:5      | Noticed Grinder
  5231 | D:5      | Reached skill level 7 in Invocations
  5232 | D:5      | Slain by Menkaure

Illustrated notes

Levels and vault maps discovered:
D:1:      lightli_arrival_statue_moat, layout_loops_corners,
          minmay_small_reverse_x
D:2:      layout_loops_corners, basic_altar, minivault_5,
          ebering_dispersal_statue_hall
D:3:      layout_basic, mainiacjoe_overflow_alcove_2, basic_ecumenical_altar,
          uniq_ijyb, uniq_terence
D:5:      cheibrodos_helix_gallery, layout_loops_ring,
          grunt_temple_overflow_open, portal_sewer_entry_e, uniq_menkaure,
          uniq_grinder, uniq_pikel
D:6:      layout_loops_cross, temple_hall, uniq_blork_the_orc
Temple:   cyrus_circular_temple

Skill      XL: |  1  2  3  4  5  6  7  8 |
---------------+-------------------------+-----
Invocations    | 1 2 3 4 5 7 |  7.0
Axes           | 3 4 5 |  5.4
Evocations     | 1 2 3 |  3.3
Fighting       | 4 5 |  5.6
Dodging        | 1 2 |  2.7
Shields        | 4 5 |  5.2
Armour         | 4 5 |  5.1

Action                   |  1- 3 |  4- 6 |  7- 9 || total
-------------------------+-------+-------+-------++-------
Melee: War axe           |    63 |   117 |    63 ||   243
Invok: Convert to Beogh  |       |       |     1 ||     1
  Use: Potion            |       |     1 |     2 ||     3
Armor: Scale mail        |    58 |    29 |       ||    87
       Ring mail         |       |    30 |    38 ||    68
Dodge: Dodged            |    36 |    72 |    37 ||   145
Block: Buckler           |    21 |    32 |    11 ||    64
